 Dungeon Crawl Stone Soup version 0.30-a0-168-g0b976cbdc4 (webtiles) character file.

Game seed: 4500157916751337360

285 qw the Shield-Bearer (level 6, 0/37 HPs)
             Began as a Gargoyle Fighter on Sept 29, 2022.
             Slain by an ice beast (11 damage)
             ... on level 3 of the Dungeon.
             The game lasted 00:00:47 (2548 turns).

qw the Shield-Bearer (Gargoyle Fighter)             Turns: 2548, Time: 00:00:48

Health: 0/37       AC: 11    Str: 22    XL:     6   Next: 29%
Magic:  6/6        EV:  8    Int:  8    God:
Gold:   154        SH:  9    Dex:  9    Spells: 5/5 levels left

rFire   . . .      SeeInvis .    Y - +1 war axe (freeze)
rCold   . . .      Faith    .    j - +0 kite shield
rNeg    + . .      Spirit   .    b - +0 scale mail
rPois   inf        Reflect  .    (no helmet)
rElec   +          Harm     .    (no cloak)
rCorr   .          Rampage  .    (no gloves)
Will    +....                    (no boots)
Stlth   ..........               (no amulet)
HPRegen 0.12/turn                n - ring of willpower
MPRegen 0.10/turn                (no ring)

@: no status effects
A: sickness immunity, AC +4, negative energy resistance 1, electricity
resistance, torment resistance 1, petrification resistance
a: no special abilities


You were on level 3 of the Dungeon.
You visited 1 branch of the dungeon, and saw 3 of its levels.

You collected 154 gold pieces.


Innate Abilities, Weirdness & Mutations

You are immune to sickness and miasma.
Your stone body is resilient. (AC +4)
You are immune to poison.
You resist negative energy. (rN+)
You are resistant to electric shocks. (rElec)
You are resistant to unholy torment.
You are immune to petrification.


   Skills:
 - Level 3.2 Fighting
 + Level 4.0 Axes
 - Level 3.2 Armour
 - Level 6.0 Shields


You had 5 spell levels left.
You didn't know any spells.
Your spell library was empty.

Inventory:

Hand Weapons
 i - a +0 whip
 Y - a +1 war axe of freezing (weapon)
Missiles
 k - 2 boomerangs (quivered)
Armour
 a - a scarf of shadows
 b - a +0 scale mail (worn)
 j - a +0 kite shield (worn)
Jewellery
 n - a ring of willpower (left hand)
Scrolls
 o - a scroll of noise {unknown}
Potions
 c - a potion of berserk rage {unknown}
 d - 3 potions of might
 e - a potion of magic {unknown}
 f - a potion of curing {unknown}
 g - a potion of heal wounds
 h - a potion of ambrosia {unknown}
 l - a potion of haste {unknown}
 m - a potion of flight {unknown}
 q - a potion of mutation {unknown}

Dungeon Overview and Level Annotations

Branches:
Dungeon (3/15)

Altars:


Message History

Enter note: As you open the door, it creaks loudly!
There is an open door here.
Found a faded altar of an unknown god.
Enter note:
There is a faded altar of an unknown god here.
There is an open door here.
There is a stone staircase leading up here.
There is a stone staircase leading down here.
An ice beast comes into view.
Throw: 2 boomerangs
Press: ? - help, Q - select action Shift-Dir - straight line, f - ice beast You throw a boomerang.
The boomerang completely misses the ice beast.
Throw: 2 boomerangs
Press: ? - help, Q - select action Shift-Dir - straight line, f/p - ice beast You throw a boomerang.
The boomerang hits the ice beast but does no damage.
Throw: 2 boomerangs
Press: ? - help, Q - select action Shift-Dir - straight line, f/p - ice beast You throw a boomerang.
The boomerang hits the ice beast.
The ice beast is lightly wounded.
The ice beast hits you. The ice beast freezes you!
You barely miss the ice beast.
The ice beast is lightly wounded.
The ice beast hits you but does no damage.
The ice beast hits you. The ice beast freezes you!
You barely miss the ice beast.
The ice beast is lightly wounded.
The ice beast barely misses you.
You closely miss the ice beast.
The ice beast is lightly wounded.
The ice beast closely misses you. The ice beast barely misses you.
You barely miss the ice beast.
The ice beast is lightly wounded.
The ice beast barely misses you.
You barely miss the ice beast.
The ice beast is lightly wounded.
The ice beast hits you. The ice beast freezes you!
You die...

......... .........#
#. .......... #.
.......... ###.
.......... ...#
..........####..####
.............#.....###
.........#.......Y...#
#.......##......@##
#.###...##........####
#.......##......#....#
.....#...#......##>..#
....##.#..#####....###
#...##.##..##...####
#...##.#......###
.........##...#
###.##.######.##


You could see an ice beast.

Vanquished Creatures
  Grinder (D:3)
  5 adders
  2 dart slugs (D:1)
  5 orcs
  2 endoplasms
  6 goblins
  4 hobgoblins
  3 jackals (D:3)
  7 kobolds
  2 quokkas
  2 ball pythons
  2 bats (D:2)
  2 frilled lizards (D:2)
  6 rats
49 creatures vanquished.

Notes
Turn   | Place    | Note
-------+----------+-------------------------------------------
     0 | D:1      | qw the Gargoyle Fighter began the quest for the Orb.
     0 | D:1      | Reached XP level 1. HP: 14/14 MP: 1/1
     0 | D:1      | 0 ||| qw: Version: 0.2-a-12-gaebbb33
     0 | D:1      | 0 ||| qw: Game counter: 1101
     0 | D:1      | 0 ||| qw: Always use a shield: true
     0 | D:1      | 0 ||| qw: God list: Okawaru
     0 | D:1      | 0 ||| qw: Allow faded altars: false
     0 | D:1      | 0 ||| qw: Do Orc after D:15 true
     0 | D:1      | 0 ||| qw: Do second Lair branch before Depths: true
     0 | D:1      | 0 ||| qw: Lair rune preference: random
     0 | D:1      | 0 ||| qw: Plans: Normal, Zot:1-4, God:TSO, Crypt, Tomb,
                  | Pan, Slime:5, Hells, Abyss, Orb
     0 | D:1      | 0 ||| PLANNING D:1-11
   213 | D:1      | 213 ||| Stepping ~*~*~tactically~*~*~ (hiding).
   327 | D:1      | 327 ||| Stepping ~*~*~tactically~*~*~ (stealth).
   328 | D:1      | 328 ||| Stepping ~*~*~tactically~*~*~ (stealth).
   333 | D:1      | Reached XP level 2. HP: 19/19 MP: 2/2
   334 | D:1      | 334 ||| Stepping ~*~*~tactically~*~*~ (stealth).
   337 | D:1      | 337 ||| Stepping ~*~*~tactically~*~*~ (stealth).
   347 | D:1      | 347 ||| DROPPING +0 club.
   486 | D:1      | 486 ||| Stepping ~*~*~tactically~*~*~ (hiding).
   987 | D:1      | 987 ||| READING scroll labelled VIAQUIXTIR.
   988 | D:1      | 988 ||| READING scroll labelled LIPUPA SEUS.
   989 | D:1      | 989 ||| READING scroll labelled XUHUGG OBAD ZOACA.
  1090 | D:1      | 1090 ||| READING scroll labelled DUUPSA IDDEHU.
  1091 | D:1      | 1091 ||| DRINKING 2 amethyst potions.
  1149 | D:2      | 1149 ||| Stepping ~*~*~tactically~*~*~ (stealth).
  1182 | D:2      | Reached skill level 3 in Axes
  1225 | D:2      | Reached XP level 3. HP: 23/23 MP: 3/3
  1279 | D:2      | 1279 ||| Stepping ~*~*~tactically~*~*~ (stealth).
  1288 | D:2      | 1288 ||| Stepping ~*~*~tactically~*~*~ (stealth).
  1293 | D:2      | 1293 ||| Stepping ~*~*~tactically~*~*~ (stealth).
  1363 | D:2      | 1363 ||| Stepping ~*~*~tactically~*~*~ (stealth).
  1372 | D:2      | 1372 ||| Stepping ~*~*~tactically~*~*~ (stealth).
  1650 | D:2      | Reached XP level 4. HP: 28/28 MP: 4/4
  1903 | D:2      | 1903 ||| UPGRADING to +0 kite shield.
  1913 | D:2      | 1913 ||| DROPPING +0 buckler.
  1914 | D:2      | 1914 ||| UPGRADING to ring of willpower.
  1915 | D:2      | 1915 ||| READING scroll labelled ZABRIR KEF.
  1919 | D:2      | 1919 ||| READING scroll labelled MUNOOF HOPIK.
  1920 | D:2      | 1920 ||| READING scroll labelled IPHANO XORCH.
  1921 | D:2      | 1921 ||| READING scroll labelled WUUZEL GETH.
  1934 | D:3      | 1934 ||| STAIRDANCE
  2014 | D:3      | Noticed Grinder
  2015 | D:3      | 2015 ||| Stepping ~*~*~tactically~*~*~ (hiding).
  2043 | D:3      | Killed Grinder
  2044 | D:3      | Reached skill level 6 in Shields
  2044 | D:3      | Reached XP level 5. HP: 11/32 MP: 5/5
  2044 | D:3      | Reached XP level 6. HP: 13/37 MP: 6/6
  2484 | D:3      | Found a faded altar of an unknown god.
  2539 | D:3      | Noticed an ice beast
  2548 | D:3      | Slain by an ice beast

Levels and vault maps discovered:
D:1:      kennysheep_arrival_seaside, layout_rooms, st_stairs_5,
          roderic_serpentine_path, chequers_serial_rivers_micro_d
D:2:      wad_pebble_path, layout_rooms, serial_aquarium, aquarium_bridge_square
          [aquarium_subvault_window, aquarium_subvault_wall,
          aquarium_subvault_wall, aquarium_subvault_bridge],
          aquarium_bridge_square [aquarium_subvault_bridge,
          aquarium_subvault_window, aquarium_subvault_window,
          aquarium_subvault_bridge], aquarium_window_2, aquarium_window_1,
          aquarium_window_2, aquarium_view_2f, aquarium_view_2e,
          nicolae_figureground_sparkle
D:3:      layout_rooms, shapermc_ecumenical_altar_notcrosses, uniq_grinder

Skill      XL: |  1  2  3  4  5  6 |
---------------+-------------------+-----
Axes           | 2 3 4 |  4.0
Shields        | 6 |  6.0
Fighting       | |  3.2
Armour         | |  3.2

Action                   |  1- 3 |  4- 6 || total
-------------------------+-------+-------++-------
Melee: War axe           |    79 |    56 ||   135
Throw: Boomerang         |    36 |    21 ||    57
  Use: Scroll            |     4 |     4 ||     8
       Potion            |     1 |       ||     1
Armor: Scale mail        |    36 |    37 ||    73
Dodge: Dodged            |    30 |    16 ||    46
Block: Buckler           |     7 |       ||     7
       Kite shield       |       |    21 ||    21

Table legend:
 A = Non-vault XP
 B = Vault XP
 C = Vault XP percentage of total XP
 D = Non-vault monster count
 E = Vault monster count
 F = Vault count percentage of total count
                 A         B        C        D         E       F
            +---------+---------+-------+---------+---------+-------
      Total |     140 |     268 |  65.7 |      45 |       4 |   8.2
            +---------+---------+-------+---------+---------+-------
        D:1 |      19 |       6 |  24.0 |      10 |       3 |  23.1
        D:2 |      70 |       0 |   0.0 |      21 |       0 |   0.0
        D:3 |      51 |     262 |  83.7 |      14 |       1 |   6.7
            +---------+---------+-------+---------+---------+-------
